 Dungeon Crawl Stone Soup version 0.29-a0-757-g358383bc75 (webtiles) character file.

Game seed: 9645919122906439856

1826 zishaf the Magician (level 9, -3/65 HPs)
             Began as a Djinni Venom Mage on June 30, 2022.
             Was an Initiate of Makhleb.
             Killed from afar by an orc wizard (6 damage)
             ... with a magic dart
             ... on level 7 of the Dungeon.
             The game lasted 00:14:44 (8411 turns).

zishaf the Magician (Djinni Venom Mage)             Turns: 8411, Time: 00:14:45

Health: -3/65      AC:  7    Str: 13    XL:     9   Next: 32%
Gold:   295        EV: 16    Int: 21    God:    Makhleb [......] SH:  6 Dex: 14

rFire   + + +      SeeInvis .   a - +9 quick blade of the Spider Nest {flame, rPois rF++}
rCold   x . .      Faith    .   u - +2 buckler
rNeg    . . .      Spirit   .   p - +1 robe
rPois   ∞          Reflect  .   (no helmet)
rElec   .          Harm     .   k - +0 cloak
rCorr   .          Rampage  .   v - +2 pair of gloves
Will    .....                   (boots unavailable)
Stlth   ++........              (no amulet)
HPRegen 0.20/turn               h - +4 ring of evasion
MPRegen 0.00/turn               x - +6 ring of strength

@: flying
A: sickness immunity, fire resistance 2, cold vulnerability 1, float, innate
caster, HP casting, extra vitality 1
a: Renounce Religion


You were on level 7 of the Dungeon.
You worshipped Makhleb.
Makhleb was noncommittal.
You visited 2 branches of the dungeon, and saw 8 of its levels.

You collected 295 gold pieces.

Inventory:

Hand Weapons
 a - the +9 quick blade of the Spider Nest (weapon) {flame, rPois rF++}
   (You took it off a hobgoblin on level 4 of the Dungeon)

   It burns those it strikes, dealing additional fire damage.
   rF:        It greatly protects you from fire.
   rPois:     It protects you from poison.
Missiles
 f - 20 poisoned darts
 g - 13 boomerangs (quivered)
Armour
 k - a +0 cloak (worn)
 p - a +1 robe (worn)
 s - an orb of light
 u - a +2 buckler (worn)
 v - a +2 pair of gloves (worn)
Magical Staves
 j - a staff of air
Jewellery
 h - a +4 ring of evasion (left hand)
 x - a +6 ring of strength (right hand)
 D - the amulet "Cejen" {Faith Will- Str+5}
   (You found it on level 6 of the Dungeon)

   [amulet of faith]

   It allows you to gain divine favour quickly.
   Str:       It affects your strength (+5).
   Will:      It decreases your willpower.
Wands
 o - a wand of acid (11)
 w - a wand of iceblast (5)
 A - a wand of flame (12)
Scrolls
 b - a scroll of enchant weapon
 c - 3 scrolls of fear
 d - 5 scrolls of teleportation
 t - a scroll of immolation
 y - a scroll of summoning
Potions
 e - a potion of brilliance {unknown}
 i - a potion of berserk rage
 l - 5 potions of might
 n - 3 potions of curing
 q - a potion of heal wounds {unknown}
 r - a potion of attraction {unknown}
 z - a potion of haste {unknown}


   Skills:
 + Level 5.5 Fighting
 + Level 3.3 Short Blades
 - Level 2.1 Dodging
 - Level 1.5 Stealth
 + Level 2.8 Shields
 * Level 6.8 Spellcasting
 + Level 1.1 Invocations
 + Level 1.2 Evocations


You had 2 spell levels left.
You knew the following spells:

 Your Spells              Type           Power      Damage    Failure   Level
a - Sting                 Tmut/Pois      100%       1d8       1%          1
b - Poisonous Vapours     Pois/Air       70%        N/A       1%          2
c - Stone Arrow           Conj/Erth      70%        3d11      2%          3
d - Lesser Beckoning      Tloc           35%        N/A       2%          3
e - Apportation           Tloc           70%        N/A       1%          1
z - Mephitic Cloud        Conj/Pois/Air  35%        N/A       2%          3
A - Olgreb's Toxic Radia  Pois           35%        N/A       7%          4
B - Blink                 Tloc           70%        N/A       1%          2
Your spell library was empty.

Dungeon Overview and Level Annotations

Branches:
Dungeon (7/15)             Temple (1/1) D:6

Altars:
Ashenzari
Cheibriados
Dithmenos
Elyvilon
Fedhas
Gozag
Hepliaklqana
Kikubaaqudgha
Makhleb
Nemelex Xobeh
Qazlal
Ru
Trog
Uskayaw
Vehumet
Xom
Yredelemnul
Zin
The Shining One

Annotations:
Temple 2 transporters


Innate Abilities, Weirdness & Mutations

You are immune to sickness and miasma.
You are immune to poison.
Your flesh is very heat resistant. (rF++)
You are vulnerable to cold. (rC-)
You float through the air rather than walking.
You learn spells naturally, not from books.
Your magical power is your life essence.
You have superior vitality. (+4 MHP)


Message History

The orc shouts!
The orc is poisoned.
The orc priest is poisoned.
The orc wizard is poisoned.
The orc priest is poisoned.
The orc priest looks even sicker. x2
The orc priest calls down the wrath of Beogh upon you.
Beogh smites you!
The orc priest looks satisfied for a moment.
The orc priest looks even sicker. x2
Your toxic aura wanes.
You kill the orc!
Makhleb accepts your kill.
The orc priest mumbles some strange prayers to Beogh against you.
Beogh smites you!
* * * LOW HITPOINT WARNING * * *
The orc wizard casts a spell at you.
You easily resist.
The orc wizard gestures at you while chanting.
You block the puff of flame.
You kill the orc priest!
Makhleb accepts your kill.
The orc wizard looks more healthy.
The orc wizard casts a spell at you.
You are confused.
The orc wizard casts a spell at you.
The magic dart hits you but does no damage.
The orc wizard casts a spell.
The orc wizard flickers and vanishes!
Deactivating autopickup; reactivate with Ctrl-A.
You feel less confused.
The orc priest mumbles some strange prayers to Beogh against you.
Pain shoots through your body!
* * * LOW HITPOINT WARNING * * *
Something hits you.
* * * LOW HITPOINT WARNING * * *
You kill the orc priest!
Makhleb accepts your kill.
You hear some strange, mumbled words.
Something tries to affect you, but you resist.
A magic dart appears from out of thin air!
The magic dart hits you.
You die...

#####.## ### #.# #.#
#.# #####.# ##.....#
#......# ##......##
## #....@...### #.##
#..........###)..##
#.......{.........##
#.......#...........#
#......####)..<.....#
#.......# ##o........
#......## #..........
#...... #.....[.....
#....# #....)......


You could see an orc wizard.

Vanquished Creatures
  A steam dragon (D:6)
  A sky beast (D:6)
  A phantom (D:4)
  A kobold brigand (D:7)
  3 bullfrogs
  4 necrophages
  2 scorpions
  3 hounds
  3 jellies
  3 orc priests
  A gnoll shaman (D:5)
  4 iguanas
  5 orc wizards
  13 gnolls
  9 adders
  A white imp (D:5)
  3 dart slugs
  15 orcs
  7 ball pythons
  2 bats
  10 endoplasms
  2 giant cockroaches (D:2)
  10 hobgoblins
  11 kobolds
  8 quokkas
  7 goblins
  7 rats
137 creatures vanquished.

Vanquished Creatures (collateral kills)
  A necrophage (D:4)
  An orc (D:4)
2 creatures vanquished.

Grand Total: 139 creatures vanquished

Notes
Turn   | Place    | Note
-------+----------+-------------------------------------------
     0 | D:1      | zishaf the Djinni Venom Mage began the quest for the Orb.
     0 | D:1      | zishaf set off with the following spells memorised: Sting,
                  | Poisonous Vapours, Mephitic Cloud, Olgreb's Toxic Radiance.
     0 | D:1      | Reached XP level 1. HP: 15/15 MP: 0/0
    37 | D:1      | Reached XP level 2. HP: 16/22 MP: 0/0
   264 | D:1      | Reached skill level 1 in Fighting
   726 | D:1      | Reached XP level 3. HP: 26/27 MP: 0/0
   726 | D:1      | Learned a level 1 spell: Apportation
   811 | D:1      | Reached skill level 3 in Spellcasting
  1763 | D:2      | Reached XP level 4. HP: 29/32 MP: 0/0
  2336 | D:3      | Found a bloodstained altar of Trog.
  2361 | D:3      | Reached XP level 5. HP: 31/38 MP: 0/0
  2361 | D:3      | Learned a level 2 spell: Blink
  2886 | D:3      | Found a faded altar of an unknown god.
  4711 | D:4      | Reached skill level 4 in Spellcasting
  4711 | D:4      | Reached XP level 6. HP: 45/45 MP: 0/0
  4762 | D:4      | Found a shimmering altar of Xom.
  5290 | D:4      | Identified the +9 quick blade of the Spider Nest {flame,
                  | rPois rF++}
  5302 | D:4      | Reached XP level 7. HP: 26/50 MP: 0/0
  5302 | D:4      | Learned a level 3 spell: Stone Arrow
  5335 | D:4      | Reached skill level 5 in Spellcasting
  6391 | D:4      | Reached skill level 1 in Short Blades
  6431 | D:5      | Entered Level 5 of the Dungeon
  6454 | D:5      | Reached XP level 8. HP: 50/58 MP: 0/0
  6801 | D:5      | Identified the +2 mace of the Little People {flame, rN+++
                  | rCorr Str-4 Dex-4}
  7013 | D:5      | Reached skill level 6 in Spellcasting
  7270 | D:5      | Reached skill level 1 in Shields
  7513 | D:6      | Reached skill level 5 in Fighting
  7535 | D:6      | Reached XP level 9. HP: 50/65 MP: 0/0
  7535 | D:6      | Learned a level 3 spell: Lesser Beckoning
  7821 | D:6      | Identified the amulet "Cejen" {Faith Will- Str+5}
  8023 | D:6      | Found a staircase to the Ecumenical Temple.
  8047 | Temple   | Entered the Ecumenical Temple
  8047 | Temple   | Found a transporter.
  8047 | Temple   | Found a transporter.
  8049 | Temple   | Found a transporter.
  8049 | Temple   | Found a transporter.
  8073 | Temple   | Became a worshipper of Makhleb the Destroyer
  8378 | D:7      | Reached skill level 1 in Invocations
  8378 | D:7      | Reached skill level 1 in Evocations
  8410 | D:7      | HP: 3/65 [something (1)]
  8411 | D:7      | Killed from afar by an orc wizard

Illustrated notes

Levels and vault maps discovered:
D:1:      evilmike_arrival_plus, layout_basic, minmay_misc_feat_diagonals
D:2:      layout_basic, minmay_goblin_kobold_house
D:3:      layout_loops_corners, mainiacjoe_overflow_24_doors,
          hellmonk_ecumenical_altar_inner_sanctum
D:4:      layout_loops_ring, lemuel_crystal_altar, fountainhead
D:5:      layout_cave_pods
D:6:      layout_rooms, minmay_temple_entry_nine_rooms
D:7:      layout_cave_pods
Temple:   hellmonk_temple_divided_pantheon

Skill      XL: |  1  2  3  4  5  6  7  8  9 |
---------------+----------------------------+-----
Fighting       | 1 2 3 4 5 |  5.5
Spellcasting   | 3 4 5 6 |  6.8
Short Blades   | 1 2 3 |  3.3
Shields        | 2 |  2.8
Invocations    | 1 |  1.1
Evocations     | 1 |  1.2
Dodging        | |  2.1
Stealth        | |  1.5

Action                   |  1- 3 |  4- 6 |  7- 9 || total
-------------------------+-------+-------+-------++-------
Melee: Dagger            |     2 |    56 |       ||    58
       Staff             |       |     3 |       ||     3
       Punch             |       |     1 |       ||     1
       Short sword       |       |    52 |       ||    52
       Quick blade       |       |       |   138 ||   138
Throw: Boomerang         |       |     8 |       ||     8
 Cast: Sting             |    63 |    59 |       ||   122
       Mephitic Cloud    |       |     4 |    14 ||    18
       Olgreb's Toxic Ra |       |     1 |     1 ||     2
       Blink             |       |     6 |       ||     6
       Poisonous Vapours |       |     8 |     3 ||    11
       Stone Arrow       |       |       |     7 ||     7
  Use: Scroll            |       |    11 |     5 ||    16
       Potion            |       |     1 |       ||     1
 Stab: Sleeping          |       |     1 |       ||     1
       Confused          |       |       |     2 ||     2
Armor: Robe              |    11 |    19 |    17 ||    47
Dodge: Dodged            |    20 |    63 |    71 ||   154
Block: Buckler           |       |       |    23 ||    23

Table legend: (Time is in decaauts)
 A = Elapsed time spent in this place.
 B = Non-inter-level travel time spent in this place.
 C = Inter-level travel time spent in this place.
 D = Time resting spent in this place.
 E = Time spent auto-exploring this place.
 F = Levels seen in this place.
 G = Mean time per level.
                   A        B        C        D        E       F      G
               +--------+--------+--------+--------+--------+-----+--------+
         Total |   8380 |   8012 |    368 |   1282 |   5252 |   8 | 1047.5 |
       Dungeon |   8338 |   7970 |    368 |   1282 |   5252 |   7 | 1191.1 |
        Temple |     41 |     41 |      0 |      0 |      0 |   1 |   41.0 |
               +--------+--------+--------+--------+--------+-----+--------+

Top non-repeatable levels by time:
     D:2: 1949 daAuts
     D:3: 1810 daAuts
     D:4: 1475 daAuts
     D:1: 1211 daAuts
     D:5: 1010 daAuts
     D:6: 784 daAuts
     D:7: 96 daAuts
  Temple: 41 daAuts
